 Dungeon Crawl Stone Soup version 0.25.0-1-g7eea58d2a3 (webtiles) character file.

Game seed: 3171348853598139003

415 Delamore the Cudgeler (level 6, 0/37 HPs)
             Began as a Gargoyle Fighter on June 13, 2020.
             Slain by an ogre
             ... wielding a +0 giant spiked club
              (14 damage)
             ... on level 4 of the Dungeon.
             The game lasted 00:03:17 (2706 turns).

Delamore the Cudgeler (Gargoyle Fighter)            Turns: 2706, Time: 00:03:18

Health: 0/37       AC: 17    Str: 22    XL:     6   Next: 91%
Magic:  6/6        EV:  4    Int:  8    God:
Gold:   218        SH:  9    Dex:  9    Spells: 5/5 levels left

rFire    + . .     SeeInvis .   a - +0 flail
rCold    . . .     Gourm    .   c - +0 kite shield
rNeg     + . .     Faith    .   r - +0 plate armour
rPois    ∞         Spirit   .   (no helmet)
rElec    +         Reflect  .   (no cloak)
rCorr    .         Harm     .   q - +0 pair of gloves
MR       .....                  (no boots)
Stlth    ..........             e - amulet of regeneration
HPRegen  0.52/turn              n - ring of protection from fire
MPRegen  0.10/turn              (no ring)

@: no status effects
A: negative energy resistance 1, electricity resistance, unbreathing,
petrification resistance, rot immunity, AC +4
a: no special abilities


You were on level 4 of the Dungeon.
You were hungry.

You visited 1 branch of the dungeon, and saw 4 of its levels.

You collected 218 gold pieces.

Inventory:

Hand Weapons
 a - a +0 flail (weapon)
Armour
 b - a +0 scale mail
 c - a +0 kite shield (worn)
 q - a +0 pair of gloves (worn)
 r - a +0 plate armour (worn)
Jewellery
 e - an amulet of regeneration (around neck)
 n - a ring of protection from fire (left hand)
 s - an uncursed ring of fire
 A - an uncursed ring of protection from fire
Wands
 v - a wand of clouds (6)
Scrolls
 g - a scroll of fear {unknown}
 h - 3 scrolls of magic mapping {unknown}
 i - 2 scrolls of blinking {unknown}
 j - 3 scrolls of remove curse {unknown}
 k - a scroll of teleportation {unknown}
 l - a scroll of identify {unknown}
 x - a scroll of fog {unknown}
 y - a scroll of immolation {unknown}
 z - a scroll of enchant armour {unknown}
 B - a scroll of amnesia {unknown}
Potions
 d - a potion of might
 m - 3 potions of haste {unknown}
 o - 2 potions of lignification {unknown}
 p - a potion of invisibility {unknown}
 t - 2 potions of curing {unknown}
 w - a potion of heal wounds {unknown}
Comestibles
 f - 6 rations
 u - 4 chunks of flesh


   Skills:
 - Level 3.2 Fighting
 + Level 7.2 Maces & Flails
 - Level 3.2 Armour
 - Level 3.2 Shields


You had 5 spell levels left.
You didn't know any spells.
Your spell library contained the following spells:

 Spells                   Type           Power        Failure   Level  Hunger
 Magic Dart               Conj           #...         100%        1    ##.....
 Searing Ray              Conj           #.....       100%        2    ###....
 Dazzling Flash           Conj/Hex       #.....       100%        3    ####...
 Fulminant Prism          Conj/Hex       #.........   100%        4    #####..
 Iskenderun's Mystic Bla  Conj/Tloc      #.......     100%        4    #####..


Dungeon Overview and Level Annotations

Branches:
Dungeon (4/15)
 Temple: D:4-7

Altars:
Dithmenos
Nemelex Xobeh
Zin


Innate Abilities, Weirdness & Mutations

You are resistant to torment.
Your stone body is resilient. (AC +4)
You are immune to poison.
You resist negative energy. (rN+)
You are resistant to electric shocks. (rElec)
You can survive without breathing.
You are immune to petrification.
You are immune to rotting.


Message History

There is a stone staircase leading up here.
Your plate armour prevents you from hitting the ogre.
You block the ogre's attack.
Your shield prevents you from hitting the ogre.
You block the ogre's attack.
You hit the ogre.
The ogre is moderately wounded.
The ogre hits you with a +0 giant spiked club.
You sock the ogre!
The ogre is heavily wounded.
You closely miss the ogre.
The ogre is heavily wounded.
The ogre hits you with a +0 giant spiked club.
Your shield prevents you from hitting the ogre.
The ogre is heavily wounded.
The ogre hits you but does no damage.
You hit the ogre.
The ogre is heavily wounded.
The ogre hits you with a +0 giant spiked club!
You die...

....%........#
########
#.......#
#......#
#.#######
#......# #.#
#......# #.#
#......###.#
#......'...#
#####......###.#
.......@O### #.#
.........# #.#
.........# #.#
.......... ..#
..........# #.#
..........# .#
..........#
#######.###


You could see an ogre.

Vanquished Creatures
  A necrophage (D:3)
  A killer bee (D:3)
  A jelly (D:3)
  An orc priest (D:3)
  An orc wizard (D:3)
  Natasha (twice) (D:3)
  5 adders
  A shadow imp (D:3)
  3 oozes
  3 worms (D:2)
  A dart slug (D:2)
  4 leopard geckos (D:3)
  4 orcs (D:3)
  3 giant cockroaches (D:3)
  3 goblins
  6 hobgoblins
  10 jackals (D:3)
  2 quokkas (D:3)
  A ball python (D:1)
  4 bats
  2 frilled lizards
  10 kobolds
  6 rats
75 creatures vanquished.

Notes
Turn   | Place    | Note
-------+----------+-------------------------------------------
     0 | D:1      | Delamore the Gargoyle Fighter began the quest for the Orb.
     0 | D:1      | Reached XP level 1. HP: 14/14 MP: 1/1
   650 | D:1      | Reached XP level 2. HP: 17/19 MP: 2/2
   968 | D:2      | Reached skill level 3 in Maces & Flails
  1092 | D:2      | Reached XP level 3. HP: 23/23 MP: 3/3
  1527 | D:2      | Reached skill level 4 in Maces & Flails
  1681 | D:3      | Noticed a killer bee
  1685 | D:3      | Found a transporter.
  1686 | D:3      | Found a shadowy altar of Dithmenos.
  1732 | D:3      | Reached XP level 4. HP: 3/28 MP: 4/4
  1830 | D:3      | Found a transporter.
  1912 | D:3      | Reached skill level 5 in Maces & Flails
  1915 | D:3      | Reached XP level 5. HP: 32/32 MP: 5/5
  2002 | D:3      | Noticed a necrophage
  2047 | D:3      | Killed a necrophage
  2047 | D:3      | Reached skill level 6 in Maces & Flails
  2047 | D:3      | Reached XP level 6. HP: 37/37 MP: 6/6
  2265 | D:3      | Found a glowing silver altar of Zin.
  2324 | D:3      | Found a sparkling altar of Nemelex Xobeh.
  2331 | D:3      | Noticed Natasha
  2339 | D:3      | Killed Natasha
  2585 | D:3      | Reached skill level 7 in Maces & Flails
  2612 | D:3      | Noticed Natasha
  2658 | D:3      | Killed Natasha
  2706 | D:4      | Slain by an ogre

Illustrated notes

Levels and vault maps discovered:
D:1:      wheals_arrival_linesprint, layout_basic
D:2:      layout_basic
D:3:      layout_loops_ring, lemuel_doored_altar,
          gammafunk_temple_overflow_arena, overflow_temple_1_default,
          grunt_decor_arrowhead, uniq_natasha
D:4:      layout_basic, first_ration, minmay_misc_feat_secret_circle,
          fedhas_altar_1, uniq_menkaure

Skill      XL: |  1  2  3  4  5  6 |
---------------+-------------------+-----
Maces & Flails | 3 4 5 6 7 |  7.2
Fighting       | |  3.2
Armour         | |  3.2
Shields        | |  3.2

Action                   |  1- 3 |  4- 6 || total
-------------------------+-------+-------++-------
Melee: Flail             |   144 |   217 ||   361
  Eat: Chunk             |     3 |     3 ||     6
Armor: Scale mail        |    50 |       ||    50
       Plate armour      |    34 |   206 ||   240
Dodge: Dodged            |    33 |    42 ||    75
Block: Kite shield       |    81 |   140 ||   221
